BSA
AUSTIN RIVER SHARKS @ VISTA PANTHERS
03/04/2024
 
TOP OF THE 1ST
Austin River Sharks batting - Pitching for Vista Panthers : LHP Xavier Velázquez
Pitching: LHP Xavier Velázquez
Batting: RHB Tyler Wagner 0-0: Ground out 6-3 (Groundball, 6)
Batting: RHB Edouard Padovano 0-0: Ball
1-0: Ball
2-0: Swinging Strike
2-1: Called Strike
2-2: Strikes out swinging
Batting: LHB Roberto García 0-0: Ball
1-0: Called Strike
1-1: Ball
2-1: Ground out 4-3 (Groundball, 4)
Top of the 1st over - 0 run(s), 0 hit(s), 0 error(s), 0 left on base; Austin 0 - Vista 0
BOTTOM OF THE 1ST
Vista Panthers batting - Pitching for Austin River Sharks : RHP José Collazo
Pitching: RHP José Collazo
Batting: RHB Iván De Jesús 0-0: Ground out 1-3 (Groundball, 13S)
Batting: RHB Salvador Salas 0-0: Called Strike
0-1: Swinging Strike
0-2: Ball
1-2: Ground out 5-3 (Groundball, 5)
Batting: RHB John Mendelson 0-0: Ball
1-0: Foul Ball, location: 2F
1-1: SINGLE (Groundball, 5L)
Batting: SHB Juan Gómez 0-0: Called Strike
0-1: Ball
1-1: Fly out, F6 (Line Drive, 6)
Bottom of the 1st over - 0 run(s), 1 hit(s), 0 error(s), 1 left on base; Austin 0 - Vista 0
TOP OF THE 2ND
Austin River Sharks batting - Pitching for Vista Panthers : LHP Xavier Velázquez
Batting: LHB Luis Padilla 0-0: Reached on error, E4 (Groundball, 4)
Batting: RHB Rich Ruffin 0-0: Ball
1-0: Called Strike
1-1: Ball
2-1: Fly out, F2 (Popup, 13S)
Batting: LHB Pedro Zaragoza 0-0: Ball
1-0: Called Strike
1-1: Foul Ball, location: 2F
1-2: Ball
2-2: SINGLE (Line Drive, 6D)
Luis Padilla to second
Batting: SHB Juan Castro 0-0: Called Strike
0-1: Swinging Strike
0-2: Ball
1-2: Strikes out swinging
Batting: RHB Kenneth Roberts 0-0: Ball
1-0: Swinging Strike
1-1: Swinging Strike
1-2: SINGLE (Groundball, 4MD)
Luis Padilla to third
Pedro Zaragoza to second
Runner from 3rd tries for Home, SAFE, no throw or cutoff
Batting: RHB Hidetada Kichida 0-0: Ball
1-0: Swinging Strike
1-1: Ball
2-1: Ball
3-1: Base on Balls
Pedro Zaragoza to third
Kenneth Roberts to second
Batting: RHB Tyler Wagner 0-0: Swinging Strike
0-1: Fly out, F4 (Popup, 4M)
Top of the 2nd over - 1 run(s), 2 hit(s), 1 error(s), 3 left on base; Austin 1 - Vista 0
BOTTOM OF THE 2ND
Vista Panthers batting - Pitching for Austin River Sharks : RHP José Collazo
Batting: LHB António Glaviz 0-0: Called Strike
0-1: Ball
1-1: Ball
2-1: Ball
3-1: Foul Ball, location: 2F
3-2: SINGLE (Groundball, 6M)
Batting: RHB Danny Crouch 0-0: Called Strike
0-1: Ball
1-1: Ball
2-1: Foul Ball, location: 2F
2-2: Ball
3-2: Grounds into double play, 6-4-3 (Groundball, 6)
Batting: LHB Patrick Osborne 0-0: Ball
1-0: Ground out 4-3 (Groundball, 4)
Bottom of the 2nd over - 0 run(s), 1 hit(s), 0 error(s), 0 left on base; Austin 1 - Vista 0
TOP OF THE 3RD
Austin River Sharks batting - Pitching for Vista Panthers : LHP Xavier Velázquez
Batting: RHB Edouard Padovano 0-0: SINGLE (Line Drive, 56)
Batting: LHB Roberto García 0-0: Foul Ball, location: 2F
0-1: Fielders Choice at 2nd, 6-4 (Groundball, 6M)
Batting: LHB Luis Padilla 0-0: Ball
1-0: Ball
2-0: Foul Ball, location: 2F
2-1: Foul Ball, location: 2F
2-2: Foul Ball, location: 2F
2-2: Ball
3-2: SINGLE (Groundball, 34)
Roberto García to second
Roberto García to third
Batting: RHB Rich Ruffin 0-0: Called Strike
0-1: Swinging Strike
0-2: Ball
1-2: Foul Ball, location: 2F
1-2: Foul Ball, location: 2F
1-2: Ball
2-2: 3-RUN HOME RUN (Flyball, 89XD), Distance : 416 ft
Batting: LHB Pedro Zaragoza 0-0: Ball
1-0: Called Strike
1-1: Ball
2-1: Ball
3-1: SINGLE (Groundball, 5D)
Batting: SHB Juan Castro 0-0: Called Strike
0-1: Ball
1-1: Foul Ball, location: 2F
1-2: Foul Ball, location: 2F
1-2: Ball
2-2: Ball
3-2: Strikes out swinging
Batting: RHB Kenneth Roberts 0-0: Ball
1-0: Ball
2-0: Called Strike
2-1: Ground out 5-3 (Groundball, 56S)
Top of the 3rd over - 3 run(s), 4 hit(s), 0 error(s), 1 left on base; Austin 4 - Vista 0
BOTTOM OF THE 3RD
Vista Panthers batting - Pitching for Austin River Sharks : RHP José Collazo
Batting: LHB Greg Schultz 0-0: Hit by Pitch
Batting: RHB Justin Burgess 0-0: Ball
1-0: Grounds into double play, 1-6-3 (Groundball, 13S)
Batting: RHB Iván De Jesús 0-0: Ground out 6-3 (Groundball, 6M)
Bottom of the 3rd over - 0 run(s), 0 hit(s), 0 error(s), 0 left on base; Austin 4 - Vista 0
TOP OF THE 4TH
Austin River Sharks batting - Pitching for Vista Panthers : LHP Xavier Velázquez
Batting: RHB Hidetada Kichida 0-0: Called Strike
0-1: Swinging Strike
0-2: SINGLE (Line Drive, 8LS)
Batting: RHB Tyler Wagner 0-0: Called Strike
0-1: Ball
1-1: Foul Ball, location: 2F
1-2: DOUBLE (Line Drive, 5D)
Hidetada Kichida to third
Batting: RHB Edouard Padovano 0-0: Ball
1-0: Ball
2-0: Foul Ball, location: 2F
2-1: Ball
3-1: Base on Balls
Batting: LHB Roberto García 0-0: Foul Ball, location: 2F
0-1: Ball
1-1: Ball
2-1: Ball
3-1: Called Strike
3-2: Foul Ball, location: 2F
3-2: Ground out 5-3 (Groundball, 56S)
Hidetada Kichida scores
Tyler Wagner to third
Edouard Padovano to second
Batting: LHB Luis Padilla 0-0: Ball
1-0: Ball
2-0: SINGLE (Flyball, 7S)
Tyler Wagner scores
Edouard Padovano to third
Batting: RHB Rich Ruffin 0-0: Ball
1-0: Foul Ball, location: 2F
1-1: Swinging Strike
1-2: Foul Ball, location: 2F
1-2: SINGLE (Flyball, 9LM)
Edouard Padovano scores
Luis Padilla to second
Pitching: RHP Mark Ross
Batting: LHB Pedro Zaragoza 0-0: Called Strike
0-1: Foul Ball, location: 2F
0-2: Ball
1-2: Ball
2-2: Foul Ball, location: 2F
2-2: SINGLE (Line Drive, 8RS)
Luis Padilla to third
Rich Ruffin to second
Batting: SHB Juan Castro 0-0: Ball
1-0: Swinging Strike
1-1: Foul Ball, location: 2F
1-2: Ground out 5-3 (Groundball, 6S)
Luis Padilla scores
Rich Ruffin to third
Pedro Zaragoza to second
Batting: RHB Kenneth Roberts 0-0: Foul Ball, location: 2F
0-1: Fly out, F7 (Flyball, 7LM)
Top of the 4th over - 4 run(s), 5 hit(s), 0 error(s), 2 left on base; Austin 8 - Vista 0
BOTTOM OF THE 4TH
Vista Panthers batting - Pitching for Austin River Sharks : RHP José Collazo
Batting: RHB Salvador Salas 0-0: Called Strike
0-1: Swinging Strike
0-2: Fly out, F9 (Line Drive, 9S)
Batting: RHB John Mendelson 0-0: Called Strike
0-1: Ball
1-1: Swinging Strike
1-2: Strikes out swinging
Batting: SHB Juan Gómez 0-0: Foul Ball, location: 2F
0-1: Foul Ball, location: 2F
0-2: Ball
1-2: Ball
2-2: Fly out, F4 (Popup, 4D)
Bottom of the 4th over - 0 run(s), 0 hit(s), 0 error(s), 0 left on base; Austin 8 - Vista 0
TOP OF THE 5TH
Austin River Sharks batting - Pitching for Vista Panthers : RHP Mark Ross
Batting: RHB Hidetada Kichida 0-0: Called Strike
0-1: SINGLE (Groundball, 56D)
Pinch Hitting: LHB Terry Maloney 0-0: Ball
1-0: Ball
Wild Pitch!
Hidetada Kichida to second
2-0: Called Strike
2-1: Foul Ball, location: 2F
2-2: Ball
3-2: Base on Balls
Pinch Hitting: LHB Miguel Pérez 0-0: Swinging Strike
0-1: TRIPLE (Line Drive, 9LD)
Hidetada Kichida scores
Terry Maloney scores
Batting: SHB Juan Acevado 0-0: Swinging Strike
0-1: Ball
1-1: Called Strike
1-2: Strikes out looking
Pinch Hitting: RHB José Balina 0-0: Ball
1-0: Ball
2-0: SINGLE (Groundball, 4MD)
Miguel Pérez scores
Batting: RHB Rich Ruffin 0-0: Ball
1-0: Foul Ball, location: 2F
1-1: Swinging Strike
1-2: Strikes out looking
Batting: LHB Pedro Zaragoza 0-0: Ball
1-0: Called Strike
1-1: Ball
2-1: Called Strike
2-2: Foul Ball, location: 2F
2-2: Ball
3-2: Foul Ball, location: 2F
3-2: SINGLE (Line Drive, 56D)
José Balina to second
José Balina to third
Batting: SHB Juan Castro 0-0: Foul Ball, location: 2F
0-1: Ball
1-1: Swinging Strike
1-2: Ball
2-2: SINGLE (Line Drive, 4D)
José Balina scores
Pedro Zaragoza to second
Pitching: RHP José Betancourt
Batting: RHB Kenneth Roberts 0-0: Ball
1-0: Ball
2-0: Swinging Strike
2-1: Fly out, F7 (Flyball, 7LD)
Top of the 5th over - 4 run(s), 5 hit(s), 0 error(s), 2 left on base; Austin 12 - Vista 0
BOTTOM OF THE 5TH
Vista Panthers batting - Pitching for Austin River Sharks : RHP José Collazo
Pitching: RHP Soichiro Ikeda
Now at SS: Terry Maloney
Now in LF: José Balina
Now in CF: Miguel Pérez
Batting: LHB António Glaviz 0-0: Ball
1-0: Foul Ball, location: 2F
1-1: SINGLE (Flyball, 6MD)
Batting: RHB Danny Crouch 0-0: Ball
1-0: Ball
2-0: SINGLE (Groundball, 6MD)
António Glaviz to second
Runner from 2nd tries for 3rd, SAFE, throw made to third
Batting: LHB Patrick Osborne 0-0: Ball
1-0: Ball
2-0: Swinging Strike
2-1: Foul Ball, location: 2F
2-2: Fielders Choice at 2nd, 5-4 (Groundball, 5)
António Glaviz scores
Batting: LHB Greg Schultz 0-0: Foul Ball, location: 2F
0-1: Ball
Patrick Osborne steals 2nd base
1-1: Swinging Strike
1-2: Ball
2-2: Strikes out swinging
Batting: RHB Justin Burgess 0-0: Foul Ball, location: 2F
0-1: Foul Ball, location: 2F
0-2: Ground out 6-3 (Groundball, 6)
Bottom of the 5th over - 1 run(s), 2 hit(s), 0 error(s), 1 left on base; Austin 12 - Vista 1
TOP OF THE 6TH
Austin River Sharks batting - Pitching for Vista Panthers : RHP José Betancourt
Batting: RHB Hidetada Kichida 0-0: Called Strike
0-1: DOUBLE (Line Drive, 5L)
Batting: LHB Terry Maloney 0-0: Ball
1-0: Foul Ball, location: 2F
1-1: Ball
2-1: Ball
3-1: Ground out 4-3 (Groundball, 4M)
Hidetada Kichida to third
Batting: LHB Miguel Pérez 0-0: Fly out, F8 (Flyball, 8LM)
Runner from 3rd tags up, SCORES, throw made
Batting: SHB Juan Acevado 0-0: Swinging Strike
0-1: Ball
1-1: Ball
2-1: Foul Ball, location: 2F
2-2: Ball
3-2: Foul Ball, location: 2F
3-2: Strikes out swinging
Top of the 6th over - 1 run(s), 1 hit(s), 0 error(s), 0 left on base; Austin 13 - Vista 1
BOTTOM OF THE 6TH
Vista Panthers batting - Pitching for Austin River Sharks : RHP Soichiro Ikeda
Batting: RHB Iván De Jesús 0-0: Ball
1-0: Foul Ball, location: 2F
1-1: Swinging Strike
1-2: Foul Ball, location: 2F
1-2: Foul Ball, location: 2F
1-2: Strikes out swinging
Batting: RHB Salvador Salas 0-0: Ball
1-0: Ball
2-0: Ground out 6-3 (Groundball, 6)
Batting: RHB John Mendelson 0-0: Fly out, F9 (Line Drive, 9M)
Bottom of the 6th over - 0 run(s), 0 hit(s), 0 error(s), 0 left on base; Austin 13 - Vista 1
TOP OF THE 7TH
Austin River Sharks batting - Pitching for Vista Panthers : RHP José Betancourt
Batting: RHB José Balina 0-0: Ball
1-0: Called Strike
1-1: Ball
2-1: Reached on error, E4 (Groundball, 4)
Batting: RHB Rich Ruffin 0-0: Foul Ball, location: 2F
0-1: Swinging Strike
0-2: Grounds into double play, U6-3 (Groundball, 6M)
Batting: LHB Pedro Zaragoza 0-0: Foul Ball, location: 2F
0-1: Ball
1-1: Ball
2-1: SINGLE (Line Drive, 4MD)
Batting: SHB Juan Castro 0-0: Called Strike
0-1: Ball
1-1: Ball
2-1: Ball
3-1: Ground out 4-3 (Groundball, 4)
Top of the 7th over - 0 run(s), 1 hit(s), 1 error(s), 1 left on base; Austin 13 - Vista 1
BOTTOM OF THE 7TH
Vista Panthers batting - Pitching for Austin River Sharks : RHP Soichiro Ikeda
Pitching: RHP Pedro Magana
Batting: SHB Juan Gómez 0-0: Swinging Strike
0-1: Foul Ball, location: 2F
0-2: Foul Ball, location: 2F
0-2: Ball
1-2: Ball
2-2: Ball
3-2: DOUBLE (Line Drive, 8LM)
Batting: LHB António Glaviz 0-0: Ball
1-0: Swinging Strike
1-1: Foul Ball, location: 2F
1-2: Ball
2-2: Ball
3-2: Base on Balls
Batting: RHB Danny Crouch 0-0: Swinging Strike
0-1: Fly out, F7 (Flyball, 7D)
Runner from 2nd tags up, SAFE at 3rd, no throw
Batting: LHB Patrick Osborne 0-0: Called Strike
0-1: Ball
1-1: Ball
2-1: Called Strike
2-2: Fly out, F7 (Flyball, 78S)
Batting: LHB Greg Schultz 0-0: Foul Ball, location: 2F
0-1: Called Strike
0-2: Ball
1-2: Strikes out swinging
Bottom of the 7th over - 0 run(s), 1 hit(s), 0 error(s), 2 left on base; Austin 13 - Vista 1
TOP OF THE 8TH
Austin River Sharks batting - Pitching for Vista Panthers : RHP José Betancourt
Pitching: RHP Santiago González
Batting: RHB Kenneth Roberts 0-0: Called Strike
0-1: Ball
1-1: Called Strike
1-2: Strikes out swinging
Batting: RHB Hidetada Kichida 0-0: Foul Ball, location: 2F
0-1: Foul Ball, location: 2F
0-2: Ball
1-2: Ground out 1-3 (Groundball, 15S)
Batting: LHB Terry Maloney 0-0: Ball
1-0: Ball
2-0: Called Strike
2-1: Fly out, F7 (Flyball, 7M)
Top of the 8th over - 0 run(s), 0 hit(s), 0 error(s), 0 left on base; Austin 13 - Vista 1
BOTTOM OF THE 8TH
Vista Panthers batting - Pitching for Austin River Sharks : RHP Pedro Magana
Batting: RHB Justin Burgess 0-0: Ball
1-0: Ball
2-0: Swinging Strike
2-1: Foul Ball, location: 2F
2-2: Foul Ball, location: 2F
2-2: Strikes out swinging
Pinch Hitting: LHB Pablo Rivas 0-0: Ground out 1-3 (Groundball, 13S)
Pinch Hitting: LHB Jesús González 0-0: Fly out, F8 (Flyball, 8RXD)
Bottom of the 8th over - 0 run(s), 0 hit(s), 0 error(s), 0 left on base; Austin 13 - Vista 1
TOP OF THE 9TH
Austin River Sharks batting - Pitching for Vista Panthers : RHP Santiago González
Pitching: RHP Carlos Rangel
Now at 1B: Jesús González
Now at 2B: Carlos Carrillo
Batting: LHB Miguel Pérez 0-0: Ball
1-0: Fly out, F2 (Popup, 2LF)
Pitching: RHP Manuel López
Batting: SHB Juan Acevado 0-0: Foul Ball, location: 2F
0-1: Fly out, F5 (Popup, 5SF)
Pitching: RHP Cedric Sherston
Batting: RHB José Balina 0-0: Swinging Strike
0-1: Ball
1-1: Ball
2-1: SINGLE (Line Drive, 4MD)
Pitching: LHP Manuel Parra
Batting: RHB Rich Ruffin 0-0: Foul Ball, location: 2F
0-1: Ball
Wild Pitch!
José Balina to second
1-1: Foul Ball, location: 2F
1-2: Ball
2-2: Ball
3-2: Foul Ball, location: 2F
3-2: Reached on Error, E9 (Flyball, 9LM)
José Balina scores
Pitching: RHP Manny Meléndez
Batting: LHB Pedro Zaragoza 0-0: Ball
1-0: Foul Ball, location: 2F
1-1: Called Strike
1-2: Strikes out swinging
Top of the 9th over - 1 run(s), 1 hit(s), 1 error(s), 1 left on base; Austin 14 - Vista 1
BOTTOM OF THE 9TH
Vista Panthers batting - Pitching for Austin River Sharks : RHP Pedro Magana
Pitching: RHP Mitsunari Jouda
Pinch Hitting: LHB Harry Pitts 0-0: Fly out, F8 (Flyball, 8RD)
Batting: RHB Wilson López 0-0: Foul Ball, location: 2F
0-1: Called Strike
0-2: Strikes out swinging
Pinch Hitting: RHB Roberto Cruz 0-0: Called Strike
0-1: Called Strike
0-2: Foul Ball, location: 2F
0-2: Foul Ball, location: 2F
0-2: Strikes out swinging
Bottom of the 9th over - 0 run(s), 0 hit(s), 0 error(s), 0 left on base; Austin 14 - Vista 1
This league is powered by Out of the Park Baseball, the baseball management simulation game for PC, Mac and Linux
Saturday, April 9th, 2016 - OOTP Baseball 16.8 Build 38